 Dungeon Crawl Stone Soup version 0.29-a0-92-gee772dd00f (webtiles) character file.

Game seed: 5290926025371122697

2867 timneilson the Covered (level 9, -2/55 HPs)
             Began as a Gargoyle Fighter on Feb 10, 2022.
             Slain by an orc warrior (5 damage)
             ... on level 8 of the Dungeon.
             The game lasted 00:18:14 (9033 turns).

timneilson the Covered (Gargoyle Fighter)           Turns: 9033, Time: 00:18:15

Health: -2/55      AC: 21    Str: 29    XL:     9   Next: 75%
Magic:  9/9        EV:  9    Int: 10    God:
Gold:   329        SH:  6    Dex:  9    Spells: 8/8 levels left

rFire   + . .      SeeInvis .   n - +0 scimitar
rCold   + . .      Faith    .   c - +1 buckler
rNeg    + . .      Spirit   .   B - +1 chain mail {rF+}
rPois   ∞          Reflect  .   (no helmet)
rElec   +          Harm     .   y - +1 cloak
rCorr   .          Rampage  .   (no gloves)
Will    .....                   d - +0 pair of boots
Stlth   ..........              t - amulet of the acrobat
HPRegen 0.18/turn               f - ring of protection from cold
MPRegen 0.11/turn               o - +6 ring of strength

@: no status effects
A: sickness immunity, AC +6, negative energy resistance 1, electricity
resistance, torment resistance 1, petrification resistance
a: no special abilities


You were on level 8 of the Dungeon.
You visited 2 branches of the dungeon, and saw 9 of its levels.

You collected 329 gold pieces.

Inventory:

Hand Weapons
 a - a +1 long sword of flaming
 n - a +0 scimitar (weapon)
Armour
 c - a +1 buckler (worn)
 d - a +0 pair of boots (worn)
 q - a +0 plate armour
 y - a +1 cloak (worn)
 B - a +1 chain mail of fire resistance (worn)
Jewellery
 f - a ring of protection from cold (left hand)
 o - a +6 ring of strength (right hand)
 t - an amulet of the acrobat (around neck)
 z - a +4 ring of evasion
Wands
 b - a wand of iceblast (8)
 s - a wand of paralysis (10)
 A - a wand of charming (6)
Scrolls
 e - 7 scrolls of teleportation
 u - a scroll of enchant armour
 x - a scroll of noise {unknown}
Potions
 g - 2 potions of attraction
 h - 2 potions of cancellation
 i - a potion of heal wounds {unknown}
 j - 3 potions of haste
 k - 5 potions of curing
 l - 2 potions of mutation
 m - 3 potions of lignification
 p - 2 potions of flight
 r - a potion of degeneration {unknown}
 v - a potion of invisibility {unknown}
 w - 2 potions of ambrosia {unknown}


   Skills:
 + Level 5.9 Fighting
 * Level 6.1 Long Blades
 * Level 7.7 Armour
 + Level 3.3 Dodging
 * Level 7.6 Shields
 + Level 2.9 Evocations


You had 8 spell levels left.
You didn't know any spells.
Your spell library contained the following spells:

 Spells                   Type           Power      Damage    Failure   Level
 Pain                     Necr           0%         1d4       91%         1
 Leda's Liquefaction      Hex/Erth       0%         N/A       100%        4
 Agony                    Necr           0%         N/A       100%        5
 Excruciating Wounds      Necr           0%         N/A       100%        5
 Lee's Rapid Deconstruct  Erth           0%         3d5*      100%        5
 Statue Form              Tmut/Erth      Unusable   N/A       N/A         6

Dungeon Overview and Level Annotations

Branches:
Dungeon (8/15)             Temple (1/1) D:7
   Lair: D:8-11

Altars:
Ashenzari
Cheibriados
Dithmenos
Elyvilon
Fedhas
Gozag
Hepliaklqana
Kikubaaqudgha
Makhleb
Nemelex Xobeh
Qazlal
Ru
Sif Muna
Trog
Uskayaw
Vehumet
Wu Jian
Xom
Yredelemnul
Zin
The Shining One

Shops:
D:5 ?   D:7 :

Annotations:
D:6 3 runed translucent doors, Cecur's ghost, novice OpCj
D:7 exclusion: oklob plant


Innate Abilities, Weirdness & Mutations

You are immune to sickness and miasma.
Your stone body is resilient. (AC +6)
You are immune to poison.
You resist negative energy. (rN+)
You are resistant to electric shocks. (rElec)
You are resistant to unholy torment.
You are immune to petrification.


Message History

You block the orc warrior's attack. The orc priest closely misses you.
You closely miss the orc priest.
The orc priest is almost dead.
The orc warrior hits you but does no damage.
The orc priest hits you with a +0 dagger.
You closely miss the orc priest.
The orc priest is almost dead.
The orc warrior misses you.
The orc priest miscasts a cantrip.
The orc warrior hits you from afar with a +1 trident of protection.
You closely miss the orc priest.
The orc priest is almost dead.
The orc priest hits you but does no damage.
The orc warrior hits you from afar with a +1 trident of protection.
You slash the orc priest!
You kill the orc priest!
The orc warrior hits you from afar with a +1 trident of protection.
* * * LOW HITPOINT WARNING * * *
The orc warrior hits you but does no damage.
Things that are here:
a +0 dagger; an orc corpse You closely miss the orc warrior.
You block the orc warrior's attack.
You barely miss the orc warrior. You block the orc warrior's attack.
You slash the orc warrior!
The orc warrior is severely wounded.
The orc warrior barely misses you.
You hit the orc warrior.
The orc warrior is severely wounded.
You block the orc warrior's attack.
You hit the orc warrior but do no damage.
The orc warrior is severely wounded.
The orc warrior hits you with a +1 trident of protection!
* * * LOW HITPOINT WARNING * * *
You hit the orc warrior.
The orc warrior is almost dead.
You block the orc warrior's attack.
You closely miss the orc warrior.
The orc warrior is almost dead.
The orc warrior hits you with a +1 trident of protection.
You die...

.###.#.###.#.....(....#.#.##.....
#.#.# #.#.###.....###.........
##.#.# #.#.# ####.#.#.####.....
#....###.#.# #.##.## ###...
#..........# #.##.## #...
#.######.### #.#...#######.#
..........# #.#.#..........
###.###############.#...#########
#. .....oo@...##### #.
.###########


You could see an orc warrior and an orc.

Vanquished Creatures
  A hornet (D:7)
  A yak (D:2)
  2 water moccasins (D:7)
  A black bear (D:6)
  2 orc warriors
  A sky beast (D:6)
  2 necrophages
  6 centaurs
  2 ogres (D:6)
  A kobold brigand (D:7)
  A bullfrog (D:6)
  A scorpion (D:6)
  A wyvern zombie (D:7)
  2 howler monkeys (D:8)
  2 jellies
  2 hounds
  2 gnoll shamans
  4 orc priests
  Crazy Yiuf (D:2)
  A centaur skeleton (D:7)
  2 iguanas
  5 orc wizards
  A killer bee zombie (D:6)
  A howler monkey skeleton (D:7)
  12 gnolls
  An adder (D:2)
  A shadow imp (D:7)
  2 white imps (D:6)
  An adder skeleton (D:4)
  3 worms (D:2)
  2 dart slugs
  17 orcs
  5 ball pythons
  7 endoplasms
  2 giant cockroaches
  12 goblins
  5 hobgoblins
  4 jackals (D:4)
  16 kobolds
  4 quokkas
  A bat (D:2)
  4 frilled lizards
  7 rats
151 creatures vanquished.

Vanquished Creatures (others)
  An orc wizard (D:7)
  A bat (D:3)
2 creatures vanquished.

Grand Total: 153 creatures vanquished

Notes
Turn   | Place    | Note
-------+----------+-------------------------------------------
     0 | D:1      | timneilson the Gargoyle Fighter began the quest for the
                  | Orb.
     0 | D:1      | Reached XP level 1. HP: 14/14 MP: 1/1
   151 | D:1      | Found a faded altar of an unknown god.
   407 | D:1      | Reached XP level 2. HP: 19/19 MP: 2/2
   894 | D:1      | Reached XP level 3. HP: 20/23 MP: 3/3
  1283 | D:2      | Reached XP level 4. HP: 24/28 MP: 4/4
  1753 | D:2      | Found a runed translucent door.
  1754 | D:2      | Noticed Crazy Yiuf
  2115 | D:2      | Killed Crazy Yiuf
  2116 | D:2      | Reached skill level 1 in Dodging
  2116 | D:2      | Reached XP level 5. HP: 33/33 MP: 5/5
  2403 | D:3      | Found a hazy altar of Hepliaklqana.
  3035 | D:4      | Noticed a yak
  3035 | D:4      | Noticed a yak
  3035 | D:4      | Noticed a yak
  3035 | D:4      | Noticed a yak
  3035 | D:4      | Noticed a yak
  3298 | D:2      | Killed a yak
  3299 | D:2      | Reached XP level 6. HP: 3/38 MP: 6/6
  3677 | D:4      | Noticed a necrophage
  3688 | D:4      | Killed a necrophage
  3689 | D:4      | Reached skill level 5 in Armour
  3689 | D:4      | Reached skill level 5 in Shields
  3689 | D:4      | Reached XP level 7. HP: 32/43 MP: 7/7
  4091 | D:4      | Found a sacrificial altar of Ru.
  4607 | D:5      | Entered Level 5 of the Dungeon
  4986 | D:5      | Found a shimmering blue altar of Sif Muna.
  5434 | D:5      | Found Cietots's Magic Scroll Emporium.
  5600 | D:6      | Reached skill level 1 in Evocations
  5730 | D:6      | Reached XP level 8. HP: 48/48 MP: 8/8
  5759 | D:6      | Found a runed translucent gate.
  6059 | D:6      | Found a runed translucent gate.
  6060 | D:6      | Found a runed translucent gate.
  6063 | D:6      | Noticed Cecur's ghost (novice OpCj)
  6254 | D:6      | Reached skill level 5 in Fighting
  6619 | D:7      | Found a staircase to the Ecumenical Temple.
  6626 | Temple   | Entered the Ecumenical Temple
  6631 | Temple   | Reached skill level 5 in Long Blades
  6726 | D:7      | Found Wowk's Book Boutique.
  6763 | D:7      | Reached XP level 9. HP: 34/54 MP: 9/9
  7497 | D:7      | Found a blossoming altar of Fedhas.
  7820 | D:7      | Noticed a hornet
  7828 | D:7      | Killed a hornet
  7837 | D:7      | Found a sparkling altar of Nemelex Xobeh.
  8119 | D:7      | Noticed an oklob plant
  9033 | D:8      | Slain by an orc warrior

Illustrated notes

Levels and vault maps discovered:
D:1:      ncdulo_watergridlock, layout_loops_corners,
          shapermc_ecumenical_altar_pompeii, minmay_pentomino_q4
D:2:      layout_loops_cross, uniq_crazy_yiuf_cottage
D:3:      layout_rooms, nzn_hepliaklqana_mist_gate, minmay_circle_x
D:4:      layout_basic, mainiacjoe_overflow_catwalk, grunt_ministairs_14
D:5:      layout_cave_pools, mainiacjoe_overflow_small_starburst, serial_shops,
          kennysheep_mini_moat, minmay_door_square
D:6:      layout_basic, gammafunk_ghost_necromancy,
          hangedman_abyss_or_decor_stabs
D:7:      layout_basic, tgw_fedhas, marbit_many_paths, temple_fountains,
          enter_bailey_5, serial_shops, nicolae_square_shop
D:8:      layout_loops_ring
Temple:   eino_temple_rhombus

Skill      XL: |  1  2  3  4  5  6  7  8  9 |
---------------+----------------------------+-----
Long Blades    | 2 3 4 5 6 |  6.1
Armour         | 4 5 6 7 |  7.7
Shields        | 4 5 6 7 |  7.6
Dodging        | 1 2 3 |  3.3
Fighting       | 4 5 |  5.9
Evocations     | 1 2 |  2.9

Action                   |  1- 3 |  4- 6 |  7- 9 || total
-------------------------+-------+-------+-------++-------
Melee: Long sword        |    94 |   103 |   264 ||   461
       Scimitar          |       |       |    92 ||    92
  Use: Scroll            |     2 |     5 |    11 ||    18
       Potion            |       |     1 |       ||     1
Armor: Scale mail        |    38 |    49 |   197 ||   284
       Chain mail        |       |       |    56 ||    56
Dodge: Dodged            |    42 |    53 |   217 ||   312
Block: Buckler           |    22 |    22 |   141 ||   185

Table legend: (Time is in decaauts)
 A = Elapsed time spent in this place.
 B = Non-inter-level travel time spent in this place.
 C = Inter-level travel time spent in this place.
 D = Time resting spent in this place.
 E = Time spent auto-exploring this place.
 F = Levels seen in this place.
 G = Mean time per level.
                   A        B        C        D        E       F      G
               +--------+--------+--------+--------+--------+-----+--------+
         Total |   9171 |   8936 |    235 |   1036 |   5824 |   9 | 1019.0 |
       Dungeon |   9077 |   8848 |    229 |   1036 |   5824 |   8 | 1134.6 |
        Temple |     94 |     88 |      6 |      0 |      0 |   1 |   94.0 |
               +--------+--------+--------+--------+--------+-----+--------+

Top non-repeatable levels by time:
     D:2: 1580 daAuts
     D:6: 1418 daAuts
     D:7: 1393 daAuts
     D:1: 1181 daAuts
     D:3: 964 daAuts
     D:4: 960 daAuts
     D:5: 906 daAuts
     D:8: 670 daAuts
  Temple: 94 daAuts
